 Dungeon Crawl Stone Soup version 0.21.0 (webtiles) character file.

747 Blackhawk the Skirmisher (level 7, -1/91 HPs)
             Began as a Yellow Draconian Berserker on May 29, 2018.
             Was a Believer of Trog.
             Slain by a slave (2 damage)
             ... led by Pikel
             ... on level 4 of the Dungeon.
             The game lasted 00:06:32 (3142 turns).

Blackhawk the Skirmisher (DrBe)                     Turns: 3142, Time: 00:06:34

Health: -1/91      AC:  6    Str: 26    XL:     7   Next: 48%
Magic:  7/7        EV: 14    Int:  8    God:    Trog [**....]
Gold:   189        SH:  0    Dex: 10    Spells: 6/6 levels left

rFire    . . .     SeeInvis .   u - +1 war axe (drain)
rCold    . . .     Gourm    .   (no shield)
rNeg     . . .     Faith    .   (armour unavailable)
rPois    .         Spirit   .   (helmet restricted)
rElec    .         Reflect  .   (no cloak)
rCorr    +         Harm     .   (no gloves)
MR       .....                  (no boots)
Stlth    ..........             (no amulet)
HPRegen  0.25/turn              (no ring)
MPRegen  0.10/turn              (no ring)

@: berserking, very quick
A: spit acid, acid resistance, unfitting armour, cold-blooded, AC +6
a: Breathe Acid, Berserk, Trog's Hand, Burn Spellbooks, Renounce Religion


You were on level 4 of the Dungeon.
You worshipped Trog.
Trog was pleased with you.
You were not hungry.

You visited 1 branch of the dungeon, and saw 4 of its levels.

You collected 189 gold pieces.

Inventory:

Hand Weapons
 a - a +0 mace
 c - a cursed -3 hunting sling
 i - a +0 hand axe of flaming
 u - a +1 war axe of draining (weapon)
Armour
 o - a +2 pair of boots
Jewellery
 x - an uncursed amulet of the gourmand {unknown}
Wands
 p - a wand of iceblast (5)
Scrolls
 d - 2 scrolls of fear {unknown}
 g - 3 scrolls of identify
 j - 5 scrolls of remove curse {unknown}
 k - a scroll of enchant weapon {unknown}
 l - a scroll of immolation {unknown}
 t - a scroll of teleportation {unknown}
 w - 2 scrolls of amnesia {unknown}
Potions
 e - 4 potions of cancellation {unknown}
 f - 2 potions of haste {unknown}
 h - 2 potions of flight {unknown}
 m - 2 potions of brilliance {unknown}
 n - a potion of agility {unknown}
 s - a potion of resistance {unknown}
 v - a potion of ambrosia {unknown}
Books
 r - a book of Conjurations

   Spells                             Type                      Level
   a - Magic Dart                     Conjuration                  1
   b - Searing Ray                    Conjuration                  2
   c - Dazzling Spray                 Conjuration/Hexes            3
   d - Fulminant Prism                Conjuration/Hexes            4
   e - Force Lance                    Conjuration/Translocation    4
   f - Iskenderun's Mystic Blast      Conjuration                  4
   Trog disapproves of the use of such an item.
Comestibles
 b - 7 rations
 q - 2 chunks of flesh


   Skills:
 + Level 5.4 Fighting
 + Level 5.2(5.7) Axes
 - Level 3.3(4.8) Maces & Flails
 + Level 5.0 Dodging


You had 6 spell levels left.
You didn't know any spells.

Dungeon Overview and Level Annotations

Branches:
Dungeon (4/15)
 Temple: D:4-7

Altars:
Ashenzari
Wu Jian

Annotations:
D:4 Pikel


Innate Abilities, Weirdness & Mutations

You can spit globs of acid.
You are resistant to acid.
Your golden yellow scales are hard. (AC +6)
You cannot fit into any form of body armour.
You are cold-blooded and may be slowed by cold attacks.


Message History

* * * LOW HITPOINT WARNING * * *
The slave hits you but does no damage.
You barely miss Pikel.
Pikel is lightly wounded.
You barely miss the slave. You slash the slave! You drain the slave!
You slash the slave! You drain the slave!
You kill the slave!
That felt strangely unrewarding.
The slave barely misses you. Pikel misses you.
You miss Pikel.
Pikel is lightly wounded.
You hit the slave. You barely miss the slave. The slave hits you.
* * * LOW HITPOINT WARNING * * *
The slave misses you.
You slash Pikel! You drain Pikel!
Pikel is severely wounded.
You miss the slave. You slash the slave!
Pikel hits you with a whip of electrocution.
* * * LOW HITPOINT WARNING * * *
The slave closely misses you. The slave hits you.
You die...

#.....## ../...# #.#
###...# #.## +_#...#
#... ####...####..#
#......#.##..#
#...K[#.#.#..# #...p@p#
#...####.#.. #.....##
##..........
#......#.###.#.####.#.#
#########.#.##.#
##.###.####..
#............
#.###.#####.. #.# #.#
#.# #.# ..#


You could see Pikel and 2 slaves.

Vanquished Creatures
  The ghost of Blackhawk the Cudgeler, an amateur MiBe of Trog (D:3)
  The ghost of JimDarkmagic the Cleaver, an amateur MiBe of Trog (D:4)
  Edmund (D:4)
  2 slaves (D:4)
  Ijyb (D:3)
  Terence (D:3)
  A worker ant (D:4)
  6 adders
  2 dart slugs (D:1)
  2 leopard geckos
  3 ball pythons
  5 giant cockroaches
  2 goblins
  15 hobgoblins
  4 jackals (D:1)
  9 kobolds
  2 quokkas
  5 bats
  A frilled lizard (D:1)
  8 rats
72 creatures vanquished.

Notes
Turn   | Place    | Note
-------+----------+-------------------------------------------
     0 | D:1      | Blackhawk the Draconian Berserker began the quest for the Orb.
     0 | D:1      | Reached XP level 1. HP: 19/19 MP: 1/1
   110 | D:1      | Reached XP level 2. HP: 18/26 MP: 2/2
   638 | D:1      | Reached ** piety under Trog
   774 | D:1      | Reached XP level 3. HP: 29/33 MP: 3/3
  1082 | D:2      | Found an ornate altar of the Wu Jian Council.
  1194 | D:2      | Reached skill level 1 in Axes
  1464 | D:2      | Reached XP level 4. HP: 37/40 MP: 4/4
  1578 | D:3      | Noticed Ijyb
  1600 | D:3      | Killed Ijyb
  1905 | D:3      | Noticed Terence
  1911 | D:3      | Killed Terence
  1999 | D:3      | Reached XP level 5. HP: 39/47 MP: 5/5
  2157 | D:3      | Noticed Blackhawk's ghost (amateur MiBe)
  2170 | D:3      | Killed Blackhawk's ghost
  2170 | D:3      | Reached skill level 5 in Fighting
  2170 | D:3      | Reached XP level 6. HP: 6/56 MP: 6/6
  2864 | D:4      | Noticed Edmund
  2882 | D:4      | Killed Edmund
  2908 | D:4      | Noticed JimDarkmagic's ghost (amateur MiBe)
  2921 | D:4      | Killed JimDarkmagic's ghost
  2921 | D:4      | Reached skill level 5 in Axes
  2921 | D:4      | Your scales start taking on a golden yellow colour.
  2921 | D:4      | Reached XP level 7. HP: 61/61 MP: 7/7
  2984 | D:4      | Reached skill level 5 in Dodging
  3127 | D:4      | Found a shattered altar of Ashenzari.
  3129 | D:4      | Noticed Pikel
  3142 | D:4      | HP: 1/91 [Pikel/whip of electrocution (4)]
  3142 | D:4      | Slain by a slave

Skill      XL: |  1  2  3  4  5  6  7 |
---------------+----------------------+-----
Dodging        | 3 4 5 |  5.0
Fighting       | 4 5 |  5.4
Axes           | 1 2 3 5 |  5.2
Maces & Flails | |  3.3

Action                   |  1- 3 |  4- 6 |  7- 9 || total
-------------------------+-------+-------+-------++-------
Melee: Mace              |    41 |       |       ||    41
       Tailslap          |    13 |    13 |     1 ||    27
       Hand axe          |    78 |    51 |       ||   129
       War axe           |       |    53 |    28 ||    81
Invok: Berserk           |       |     3 |     1 ||     4
  Use: Scroll            |     1 |     1 |       ||     2
 Stab: Sleeping          |     4 |     1 |       ||     5
  Eat: Chunk             |     2 |     7 |     2 ||    11
Armor: Skin              |    31 |    21 |     5 ||    57
Dodge: Dodged            |    77 |    64 |    35 ||   176
